 Dungeon Crawl Stone Soup version 0.27-a0-774-g3e622ea735 (webtiles) character file.

Game seed: 16767719013661265215

19666 ReteAZ the Thaumaturge (level 12, -1/95 HPs)
             Began as a Djinni Fire Elementalist on Mar 25, 2021.
             Was an Elder of Makhleb.
             Slain by a sun demon (2 damage)
             ... in a volcano.
             The game lasted 00:23:54 (16369 turns).

ReteAZ the Thaumaturge (Djinni Fire Elementalist)  Turns: 16369, Time: 00:23:55

Health: -1/95      AC:  8    Str:  7    XL:     12   Next: 71%
Gold:   937        EV: 11    Int: 23    God:    Makhleb [****..] SH:  0 Dex: 13

rFire    + + +     SeeInvis .   I - +3 broad axe (freeze)
rCold    x x .     Faith    .   (no shield)
rNeg     . . .     Spirit   .   J - +3 troll leather armour
rPois    ∞         Reflect  .   (no helmet)
rElec    .         Harm     .   (no cloak)
rCorr    .         Rampage  .   t - +0 pair of gloves
Will     +....                  (boots unavailable)
Stlth    ++........             L - amulet of regeneration
HPRegen  2.25/turn              z - ring of protection from fire
MPRegen  0.00/turn              P - ring of fire

@: flying
A: fire resistance 2, cold vulnerability 1, float, innate caster, hp casting,
extra vitality 1
a: Renounce Religion, Minor Destruction, Lesser Servant of Makhleb, Major
Destruction


You were in a volcano.
You worshipped Makhleb.
Makhleb was greatly pleased with you.
You visited 2 branches of the dungeon, and saw 14 of its levels.
You also visited: Volcano.

You collected 937 gold pieces.

Inventory:

Hand Weapons
 c - a +0 whip
 i - a +0 dagger of electrocution
 v - a +2 flail of draining
 C - a +2 whip of electrocution
 D - a +2 battleaxe of flaming
 H - a +2 halberd of freezing
 I - a +3 broad axe of freezing (weapon)
Armour
 a - a +0 robe
 t - a +0 pair of gloves (worn)
 E - a +3 leather armour of fire resistance
 J - a +3 troll leather armour (worn)
 O - +0 steam dragon scales
Magical Staves
 s - a staff of fire
Jewellery
 z - a ring of protection from fire (right hand)
 B - a ring of poison resistance
 L - an amulet of regeneration (around neck)
 P - a ring of fire (left hand)
Wands
 u - a wand of iceblast (29)
 x - a wand of digging (1)
 K - a wand of flame (18)
 M - a wand of random effects (38)
 N - a wand of polymorph (10)
Scrolls
 e - 11 scrolls of identify
 f - 2 scrolls of noise
 j - a scroll of vulnerability {unknown}
 l - 5 scrolls of teleportation
 n - a scroll of amnesia
 w - 2 scrolls of blinking
 y - a scroll of immolation
Potions
 b - 8 potions of curing
 d - 3 potions of might {unknown}
 g - 5 potions of flight {unknown}
 h - 3 potions of lignification {unknown}
 k - a potion of invisibility {unknown}
 m - 3 potions of brilliance {unknown}
 o - 3 potions of haste {unknown}
 p - 2 potions of attraction {unknown}
 q - a potion of berserk rage {unknown}
 r - 2 potions of resistance {unknown}
 A - 3 potions of magic {unknown}
 F - 3 potions of heal wounds {unknown}


   Skills:
 + Level 11.8 Fighting
 - Level 2.1 Dodging
 - Level 1.5 Stealth
 * Level 14.0 Spellcasting


You had 8 spell levels left.
You knew the following spells:

 Your Spells              Type           Power      Damage    Failure   Level
a - Foxfire               Conj/Fire      100%       2x1d9     1%          1
b - Conjure Flame         Conj/Fire      88%        6-21      1%          3
c - Inner Flame           Hex/Fire       88%        N/A       1%          3
d - Sticky Flame          Conj/Fire      88%        2d10      1%          4
e - Fireball              Conj/Fire      44%        3d18      1%          5
f - Apportation           Tloc           100%       N/A       1%          1
g - Passwall              Tmut/Erth      57%        N/A       1%          2
h - Mephitic Cloud        Conj/Pois/Air  69%        N/A       1%          3
i - Ice Form              Ice/Tmut       69%        N/A       1%          4
j - Lightning Bolt        Conj/Air       34%        1d52      1%          5
Your spell library was empty.

Dungeon Overview and Level Annotations

Branches:
Dungeon (10/15)            Temple (0/1) D:6            Lair (4/6) D:9
 Shoals (0/4) Lair:4        Snake (0/4) Lair:3      Volcano (1/1)
    Orc: D:9-12

Altars:
Ashenzari
Cheibriados
Gozag
Hepliaklqana
Makhleb
Okawaru
Sif Muna
Uskayaw
Vehumet
Wu Jian
Xom
Yredelemnul
Zin
The Shining One


Innate Abilities, Weirdness & Mutations

You are immune to poison.
Your flesh is very heat resistant. (rF++)
You are vulnerable to cold. (rC-)
You float through the air rather than walking.
You learn spells naturally, not from books.
Your magical power is your life essence.
You have superior vitality. (+4 HP)


Message History

Aim: a sun demon (severely wounded, 45% to evade)
You hear a mighty clap of thunder!
The bolt of lightning hits the sun demon.
The sun demon resists.
The sun demon is severely wounded.
The sun demon hits you!!
* * * LOW HITPOINT WARNING * * *
You are engulfed in flames.
You resist.
* * * LOW HITPOINT WARNING * * *
Casting: Lightning Bolt (mildly dangerous; 1% risk of failure)
Confirm with . or Enter, or press ? or * to list all spells.
Aiming: Lightning Bolt (mildly dangerous; 1% risk of failure)
Press: ? - help, Shift-Dir - straight line, f/p - sun demon
Aim: a sun demon (severely wounded, 45% to evade)
You hear a mighty clap of thunder!
The bolt of lightning hits the sun demon!
The sun demon resists.
The sun demon is almost dead.
* * * LOW HITPOINT WARNING * * *
The sun demon hits you.
* * * LOW HITPOINT WARNING * * *
You are engulfed in flames.
You resist.
* * * LOW HITPOINT WARNING * * *
Casting: Lightning Bolt (mildly dangerous; 1% risk of failure)
Confirm with . or Enter, or press ? or * to list all spells.
You don't have enough health to cast this spell.
Unknown command.
You feel better. The sun demon barely misses you.
Casting: Lightning Bolt (mildly dangerous; 1% risk of failure)
Confirm with . or Enter, or press ? or * to list all spells.
Aiming: Lightning Bolt (mildly dangerous; 1% risk of failure)
Press: ? - help, Shift-Dir - straight line, f/p - sun demon
Aim: a sun demon (almost dead, 45% to evade)
You hear a mighty clap of thunder!
The bolt of lightning misses the sun demon.
* * * LOW HITPOINT WARNING * * *
The sun demon hits you!
* * * LOW HITPOINT WARNING * * *
You are engulfed in flames.
You resist.
You die...

#.∩..§..# ##...####
#.#∩..# ######## #####.##
##..##..### ##.##.##.###
##..([)##..###..........§
##...§∩#####†......≈≈≈≈≈≈§
#§≈.§§§# ##....§≈§≈≈§≈≈§§
#§≈≈≈§## #.@3.§§≈§≈§≈§≈§§
##≈§§## ##...§§§§≈≈§§≈§§
#○○## #....≈≈§≈≈≈§§§≈§
##○# ##....≈≈≈≈≈§§§≈≈ ###
###....≈≈≈≈≈ #...... #..##
###


You could see a sun demon.

Vanquished Creatures
  3 hydras
  A two-headed ogre (D:10)
  A hell knight (Volcano)
  2 black mambas
  4 cane toads
  2 komodo dragons
  4 rime drakes
  A troll (D:9)
  Prince Ribbit (D:5)
  2 hornets
  8 blink frogs
  8 yaks
  3 basilisks
  3 steam dragons
  Menkaure (D:4)
  Edmund (D:5)
  2 hell hounds (Volcano)
  12 water moccasins
  A black bear (D:7)
  A sky beast (D:7)
  2 orc warriors
  7 necrophages
  5 wolves
  2 ogres (D:4)
  5 centaurs
  2 phantoms (D:5)
  2 kobold brigands
  5 bullfrogs
  A water moccasin zombie (D:5)
  2 water moccasin skeletons (D:4)
  2 scorpions
  A wyvern skeleton (D:6)
  21 wights
  A howler monkey (D:10)
  2 electric eels (D:9)
  A bullfrog zombie (D:5)
  A bullfrog skeleton (D:6)
  5 orc priests
  9 hounds
  8 centaur zombies
  A jelly (D:6)
  2 iguanas
  10 orc wizards
  Ijyb (D:5)
  A hound skeleton (D:4)
  3 mummies (D:10)
  2 howler monkey zombies
  4 gnolls (D:5)
  18 adders
  A white imp (D:6)
  An adder skeleton (D:4)
  3 worms
  5 dart slugs
  30 orcs
  3 ball pythons
  10 bats
  4 endoplasms
  4 giant cockroaches
  7 hobgoblins
  7 jackals
  2 quokkas
  4 frilled lizards
  11 goblins
  A jackal skeleton (D:4)
  20 kobolds
  6 rats
306 creatures vanquished.

Vanquished Creatures (collateral kills)
  A komodo dragon (Lair:1)
  4 foxfires
5 creatures vanquished.

Vanquished Creatures (others)
  1560 foxfires
  23 fungi
  47 plants
  2 withered plants (D:10)
1632 creatures vanquished.

Grand Total: 1943 creatures vanquished

Notes
Turn   | Place    | Note
-------+----------+-------------------------------------------
     0 | D:1      | ReteAZ the Djinni Fire Elementalist began the quest for the
                  | Orb.
     0 | D:1      | Reached XP level 1. HP: 15/15 MP: 0/0
   374 | D:1      | Reached skill level 3 in Spellcasting
   374 | D:1      | Reached XP level 2. HP: 19/22 MP: 0/0
   805 | D:1      | Reached skill level 1 in Fighting
  1151 | D:1      | Reached XP level 3. HP: 24/27 MP: 0/0
  1151 | D:1      | Learned a level 1 spell: Apportation
  2256 | D:2      | Reached XP level 4. HP: 33/33 MP: 0/0
  2712 | D:2      | Reached skill level 4 in Spellcasting
  3507 | D:3      | Found a broken altar of Ashenzari.
  3595 | D:3      | Reached XP level 5. HP: 29/38 MP: 0/0
  3595 | D:3      | Learned a level 2 spell: Passwall
  3708 | D:3      | Found a shimmering altar of Xom.
  4682 | D:4      | Noticed a necrophage
  4686 | D:4      | Killed a necrophage
  4687 | D:4      | Reached skill level 5 in Spellcasting
  4687 | D:4      | Reached XP level 6. HP: 43/46 MP: 0/0
  5069 | D:4      | Reached XP level 7. HP: 43/51 MP: 0/0
  5069 | D:4      | Learned a level 3 spell: Mephitic Cloud
  5070 | D:4      | Noticed Menkaure
  5453 | D:4      | Killed Menkaure
  5454 | D:4      | Reached skill level 6 in Spellcasting
  5732 | D:5      | Entered Level 5 of the Dungeon
  5772 | D:5      | Noticed Prince Ribbit
  5881 | D:5      | Found a basalt altar of Yredelemnul.
  5973 | D:5      | Noticed a profane servitor
  6013 | D:5      | Reached XP level 8. HP: 51/58 MP: 0/0
  6110 | D:5      | Noticed Edmund
  6118 | D:5      | Killed Edmund
  6119 | D:5      | Reached skill level 5 in Fighting
  6213 | D:5      | Reached skill level 7 in Spellcasting
  6547 | D:5      | Found a burning altar of Makhleb.
  6549 | D:5      | Noticed an Executioner
  6552 | D:5      | Found a glowing silver altar of Zin.
  6552 | D:5      | Noticed an angel
  6555 | D:5      | Became a worshipper of Makhleb the Destroyer
  6691 | D:5      | Killed Prince Ribbit
  6703 | D:5      | Noticed Ijyb
  6715 | D:5      | Killed Ijyb
  7104 | D:5      | Found a glowing golden altar of the Shining One.
  7106 | D:5      | Noticed an angel
  7216 | D:5      | Found a faded altar of an unknown god.
  7216 | D:5      | Found an iron altar of Okawaru.
  7226 | D:5      | Reached skill level 8 in Spellcasting
  7305 | D:5      | Found a hide-covered altar of Uskayaw.
  7307 | D:5      | Found an ornate altar of the Wu Jian Council.
  7309 | D:5      | Found a faded altar of an unknown god.
  7388 | D:6      | Found a staircase to the Ecumenical Temple.
  7493 | D:6      | Reached XP level 9. HP: 30/66 MP: 0/0
  7493 | D:6      | Learned a level 4 spell: Ice Form
  8428 | D:6      | Reached skill level 9 in Spellcasting
  8829 | D:7      | Reached * piety under Makhleb
  9308 | D:7      | Found an opulent altar of Gozag.
  9576 | D:8      | Found a hazy altar of Hepliaklqana.
 10112 | D:8      | Reached XP level 10. HP: 71/76 MP: 0/0
 10120 | D:8      | Reached skill level 10 in Spellcasting
 11483 | D:9      | Found a staircase to the Lair.
 11493 | D:9      | Reached ** piety under Makhleb
 11800 | D:9      | Found a snail-covered altar of Cheibriados.
 11821 | D:9      | Identified Sif Muna's Collected Works on the Blaze and Cold
 12490 | D:10     | Entered Level 10 of the Dungeon
 12513 | D:10     | Reached skill level 11 in Spellcasting
 12638 | D:10     | Noticed a two-headed ogre
 12646 | D:10     | Killed a two-headed ogre
 12647 | D:10     | Reached XP level 11. HP: 45/84 MP: 0/0
 12647 | D:10     | Learned a level 5 spell: Lightning Bolt
 12823 | D:10     | Reached *** piety under Makhleb
 13126 | D:10     | Reached skill level 12 in Spellcasting
 13127 | D:10     | Reached skill level 10 in Fighting
 13493 | Lair:1   | Entered Level 1 of the Lair of Beasts
 13910 | Lair:1   | Found a frozen archway.
 14180 | Lair:2   | Noticed a seven-headed hydra
 14185 | Lair:2   | Killed a seven-headed hydra
 14307 | Lair:2   | Noticed a four-headed hydra
 14363 | Lair:1   | Killed a four-headed hydra
 14364 | Lair:1   | Reached skill level 13 in Spellcasting
 14364 | Lair:1   | Reached XP level 12. HP: 59/93 MP: 0/0
 14424 | Lair:2   | Noticed an eight-headed hydra
 15008 | Lair:2   | Killed an eight-headed hydra
 15246 | Lair:3   | Reached **** piety under Makhleb
 15523 | Lair:3   | Found a staircase to the Snake Pit.
 16274 | Lair:4   | Found a dark tunnel.
 16283 | Volcano  | Entered a volcano
 16306 | Volcano  | Noticed a hell knight
 16312 | Volcano  | Killed a hell knight
 16317 | Volcano  | Reached skill level 14 in Spellcasting
 16358 | Volcano  | Noticed a sun demon
 16367 | Volcano  | HP: 3/95 [sun demon (3)]
 16369 | Volcano  | HP: 1/95 [sun demon (7)]
 16369 | Volcano  | Slain by a sun demon

Illustrated notes

Levels and vault maps discovered:
D:1:      dpeg_arrival_subterranean_lakeside_camping, layout_basic,
          minmay_pentomino_s4
D:2:      layout_loops_ring, old_standard_altar, nicolae_vehumet_altar_sigil,
          st_stairs_8, kennysheep_cross_room
D:3:      layout_loops_ring, lemuel_doored_altar, xom_teletrap_fun
D:4:      layout_cave_pools, uniq_menkaure
D:5:      layout_basic, grunt_temple_overflow_order_and_chaos_2,
          chequers_temple_overflow_minitemple, grunt_temple_overflow_holy_war,
          uniq_prince_ribbit1, uniq_edmund, uniq_ijyb
D:6:      layout_basic, minmay_temple_entry_statues
D:7:      layout_cave_pods, nicolae_gozag_seed_capital
D:8:      layout_layer_cave, overflow_temple_1_default, nrook_campfire
D:9:      layout_loops_ring, nicolae_overflow_crystal_walls, erik_lair_island
D:10:     layout_basic, serial_undead, serial_undead_c, serial_undead_a,
          serial_undead_c, serial_undead_b, serial_undead_d, serial_undead_b,
          serial_undead_f, serial_undead_d, serial_undead_d, serial_undead_b
Lair:1:   layout_gridlike, portal_ice_cave_rime, infiniplex_staircase_pool_2
Lair:2:   layout_regular_city, minivault_11
Lair:3:   layout_cellular_growth, minmay_snake_entry_six_corridors,
          wad_woods_river_04
Lair:4:   layout_loops_ring, minmay_shoals_entry_hut,
          nicolae_volcano_entry_two_sided, gauntlet_entry_generic,
          nzn_random_ring
Volcano:  volcano_pools

Skill      XL: |  1  2  3  4  5  6  7  8  9 10 11 12 |
---------------+-------------------------------------+-----
Spellcasting   | 3 4 5 6 8 9 11 13 14 | 14.0
Fighting       | 1 2 3 4 6 7 9 10 11 | 11.8
Dodging        | |  2.1
Stealth        | |  1.5

Action                   |  1- 3 |  4- 6 |  7- 9 | 10-12 || total
-------------------------+-------+-------+-------+-------++-------
Melee: Unarmed           |     1 |       |       |       ||     1
       Whip              |     2 |       |     4 |    45 ||    51
       Dagger            |     5 |    16 |       |       ||    21
       Staff             |       |       |    10 |       ||    10
       Broad axe         |       |       |       |    82 ||    82
 Cast: Foxfire           |   106 |   157 |   272 |   411 ||   946
       Inner Flame       |       |     4 |     6 |       ||    10
       Conjure Flame     |       |     1 |     8 |     2 ||    11
       Sticky Flame      |       |       |    10 |    31 ||    41
       Mephitic Cloud    |       |       |     1 |       ||     1
       Fireball          |       |       |     6 |    15 ||    21
       Lightning Bolt    |       |       |       |    32 ||    32
  Use: Scroll            |       |       |       |    18 ||    18
       Potion            |       |       |       |     1 ||     1
 Stab: Sleeping          |       |     1 |       |       ||     1
Armor: Robe              |     1 |     2 |     4 |       ||     7
       Troll leather arm |       |       |       |    85 ||    85
Dodge: Dodged            |     6 |    10 |    21 |   129 ||   166

Table legend: (Time is in decaauts)
 A = Elapsed time spent in this place.
 B = Non-inter-level travel time spent in this place.
 C = Inter-level travel time spent in this place.
 D = Time resting spent in this place.
 E = Time spent auto-exploring this place.
 F = Levels seen in this place.
 G = Mean time per level.
                   A        B        C        D        E       F      G
               +--------+--------+--------+--------+--------+-----+--------+
         Total |  16424 |  15935 |    489 |    708 |  12969 |  15 | 1094.9 |
       Dungeon |  13515 |  13117 |    398 |    566 |  10974 |  10 | 1351.5 |
          Lair |   2823 |   2732 |     91 |    127 |   1995 |   4 |  705.8 |
       Volcano |     85 |     85 |      0 |     15 |      0 |   1 |   85.0 |
               +--------+--------+--------+--------+--------+-----+--------+

Top non-repeatable levels by time:
     D:8: 1929 daAuts
     D:1: 1771 daAuts
     D:5: 1592 daAuts
     D:3: 1579 daAuts
     D:2: 1291 daAuts
     D:6: 1219 daAuts
     D:4: 1154 daAuts
  Lair:3: 1119 daAuts
     D:9: 1068 daAuts
    D:10: 986 daAuts
     D:7: 921 daAuts
  Lair:2: 870 daAuts
  Lair:1: 781 daAuts
 Volcano: 85 daAuts
  Lair:4: 52 daAuts
